 Dungeon Crawl Stone Soup version 0.27-a0-277-g024f7ef292 (webtiles) character file.

Game seed: 14403904977607051185

17851 Borgoz the Grappler (level 12, -10/108 HPs)
             Began as a Ghoul Gladiator on Feb 5, 2021.
             Was a High Priest of Okawaru.
             Mangled by a great orb of eyes (14 damage)
             ... while paralysed by a great orb of eyes
             ... in a Gauntlet.
             The game lasted 00:17:19 (11379 turns).

Borgoz the Grappler (Ghoul Gladiator)              Turns: 11379, Time: 00:17:19

Health: -10/108    AC: 14    Str: 23    XL:     12   Next: 52%
Magic:  6/11       EV:  2    Int:  3    God:    Okawaru [*****.]
Gold:   675        SH:  0    Dex: 23    Spells: 11/11 levels left

rFire    + . .     SeeInvis .     - Unarmed
rCold    + + +     Faith    .   (no shield)
rNeg     + + +     Spirit   .   f - +5 ring mail of Veoz {Harm Rampage rPois}
rPois    ∞         Reflect  +   z - +0 hat "Sarothuu" {Str+4 Dex+3}
rElec    .         Harm     +   e - +0 cloak
rCorr    .         Rampage  +   (no gloves)
Will     .....     NoTele   +   B - +0 pair of boots
Stlth    ..........             m - amulet "Dathupha" {Reflect +Fly rF+ rC++ rN+ SH+5}
HPRegen  0.00/turn              s - +6 ring of dexterity
MPRegen  0.12/turn              G - ring of protection from cold

@: confused, paralysed
A: claws 1, cold resistance 1, negative energy resistance 3, inhibited
regeneration, torment resistance, unbreathing
a: Renounce Religion, Evoke Flight, Heroism, Finesse


You were in a Gauntlet.
You worshipped Okawaru.
Okawaru was extremely pleased with you.
You visited 2 branches of the dungeon, and saw 12 of its levels.
You also visited: Gauntlet.

You collected 775 gold pieces.
You spent 100 gold pieces at shops.

Inventory:

Missiles
 c - a throwing net (quivered)
Armour
 b - a +1 ring mail of fire resistance
 e - a +0 cloak (worn)
 f - the +5 ring mail of Veoz (worn) {Harm Rampage rPois}
   (Okawaru gifted it to you on level 10 of the Dungeon)

   It protects you from poison.
   It increases damage dealt and taken.
   It bestows one free step when moving towards enemies.
 t - the +0 robe of Hide-and-Seek {Harm rElec Dex-3 SInv}
   (You found it on level 6 of the Dungeon)

   It affects your dexterity (-3).
   It insulates you from electricity.
   It lets you see invisible.
   It increases damage dealt and taken.
 y - the +2 scale mail of Sexzim {rF- Regen+ Dex+7}
   (You found it on level 6 of the Dungeon)

   It affects your dexterity (+7).
   It makes you vulnerable to fire.
   It increases your rate of regeneration.
 z - the +0 hat "Sarothuu" (worn) {Str+4 Dex+3}
   (You acquired it on level 7 of the Dungeon)

   It affects your strength (+4).
   It affects your dexterity (+3).
 B - a +0 pair of boots (worn)
 E - the +0 leather armour of the Trees {Str+4 Stlth+}
   (You found it on level 7 of the Dungeon)

   It affects your strength (+4).
   It makes you more stealthy.
Jewellery
 m - the amulet "Dathupha" (around neck) {Reflect +Fly rF+ rC++ rN+ SH+5}
   (You found it on level 5 of the Dungeon)

   [amulet of reflection]

   It shields you and reflects attacks.
   It protects you from fire.
   It greatly protects you from cold.
   It protects you from negative energy.
   It lets you fly.
   It affects your SH (+5).
 s - a +6 ring of dexterity (left claw)
 u - an uncursed ring of protection from cold
 G - a ring of protection from cold (right claw)
Wands
 p - a wand of digging (3)
 w - a wand of paralysis (9)
 D - a wand of flame (8)
Scrolls
 a - a scroll of silence
 l - 7 scrolls of remove curse
 n - 3 scrolls of enchant weapon
 q - 5 scrolls of teleportation
 x - 2 scrolls of enchant armour
Potions
 g - a potion of flight
 j - a potion of magic
 k - 2 potions of haste
 o - a potion of resistance
 C - a potion of brilliance


   Skills:
 + Level 10.8 Fighting
 - Level 1.7 Throwing
 + Level 9.0 Armour
 + Level 9.5 Dodging
 + Level 11.1 Unarmed Combat
 - Level 5.0 Evocations


You had 11 spell levels left.
You didn't know any spells.
Your spell library contained the following spells:

 Spells                   Type           Power        Failure   Level
 Animate Skeleton         Necr           0%           65%         1
 Apportation              Tloc           0%           65%         1
 Corona                   Hex            0%           65%         1
 Magic Dart               Conj           0%           65%         1
 Summon Small Mammal      Summ           0%           65%         1
 Searing Ray              Conj           0%           80%         2
 Dazzling Flash           Conj/Hex       0%           95%         3
 Fulminant Prism          Conj/Hex       0%           100%        4
 Iskenderun's Mystic Bla  Conj/Tloc      0%           100%        4
 Beastly Appendage        Tmut           Unusable     N/A         1
 Wereblood                Tmut           Unusable     N/A         2
 Spider Form              Tmut/Pois      Unusable     N/A         3
 Ice Form                 Ice/Tmut       Unusable     N/A         4
 Blade Hands              Tmut           Unusable     N/A         5

Dungeon Overview and Level Annotations

Branches:
Dungeon (11/15)            Temple (1/1) D:4            Lair (0/6) D:8
    Orc (0/2) D:9         Gauntlet (1/1)

Altars:
Ashenzari
Cheibriados
Dithmenos
Elyvilon
Fedhas
Gozag
Hepliaklqana
Kikubaaqudgha
Makhleb
Nemelex Xobeh
Okawaru
Qazlal
Ru
Sif Muna
Trog
Uskayaw
Vehumet
Wu Jian
Xom
Yredelemnul
Zin
The Shining One

Shops:
D:5 [   D:7 *

Annotations:
Gauntlet 7 transporters


Innate Abilities, Weirdness & Mutations

You thrive by killing the living.
You are immune to poison.
You have sharp fingernails.
Your flesh is cold resistant. (rC+)
You are immune to negative energy. (rN+++)
You do not regenerate when monsters are visible.
You are immune to unholy pain and torment.
You can survive without breathing.


Message History

You scratch the great orb of eyes but do no damage.
The great orb of eyes is almost dead.
The great orb of eyes completely misses you.
The cyan ugly thing closely misses you.
You bump into the crystal wall.
The great orb of eyes gazes at you.
You suddenly lose the ability to move!
The cyan ugly thing engulfs you but does no damage.
The great orb of eyes gazes at you.
You barely resist.
The cyan ugly thing engulfs you but does no damage.
The great orb of eyes bites you but does no damage.
The cyan ugly thing engulfs you but does no damage.
The great orb of eyes bites you but does no damage.
The cyan ugly thing engulfs you!
* * * LOW HITPOINT WARNING * * *
The cyan ugly thing shocks you!
* * * LOW HITPOINT WARNING * * *
The great orb of eyes bites you!
You die...

#≈≈.#########.≈≈#
##≈.#8..©#....≈##
##.#©...#.8..##
##≈.#8..©#....≈##
#≈≈.#########.≈≈#
##≈.#u?.©!###.≈##
##.#.###.###.##
##≈.#.##..#.#.≈##
#≈≈.#..@u...#.≈≈#
##≈.#.#G.##.#.≈## ##
##.###.###.#.##
##≈###..###.....#.≈##
#≈≈≈#...#########.≈≈#
#...#...#8..©#....≈##
....#.8.#©...#.8..##
#.8.#.⌠.#8..©#....≈##
#.©.#.8.#########.≈≈#


You could see a great orb of eyes and a cyan ugly thing.

Vanquished Creatures
  Harold (D:10)
  A hydra (D:10)
  5 two-headed ogres
  Urug (D:10)
  A soul eater (Gauntlet)
  3 unseen horrors (D:11)
  2 glowing orange brains (Gauntlet)
  The ghost of MartinH the Blocker, a novice MiFi of Gozag (D:5)
  3 ugly things (Gauntlet)
  An elephant (D:7)
  A troll (D:9)
  A hornet (D:9)
  Grinder (D:4)
  2 basilisks
  2 wyverns
  A yak (D:7)
  A chaos spawn (Gauntlet)
  A neqoxec (Gauntlet)
  An ice beast (D:8)
  5 water moccasins
  5 orc warriors
  A swamp drake (D:9)
  A sky beast (D:7)
  2 necrophages
  7 ogres
  10 centaurs
  4 phantoms
  2 big kobolds
  6 bullfrogs
  A wyvern zombie (D:8)
  7 scorpions
  A wyvern skeleton (D:7)
  5 wights
  4 killer bees (D:8)
  An electric eel (D:7)
  2 howler monkeys
  A quasit (D:7)
  6 hounds
  2 bullfrog skeletons
  A jelly (D:10)
  6 orc priests
  A centaur skeleton (D:10)
  4 iguanas
  Natasha (thrice) (D:4)
  9 orc wizards
  11 worker ants
  A hound zombie (D:7)
  2 hound skeletons
  5 worker ant zombies
  3 gnolls (D:6)
  12 adders
  4 shadow imps
  3 white imps
  An ooze (D:2)
  An adder zombie (D:7)
  An adder skeleton (D:6)
  2 worms
  3 dart slugs
  4 leopard geckos
  42 orcs
  2 ball pythons
  3 giant cockroaches
  6 goblins
  7 hobgoblins
  5 jackals
  11 kobolds
  8 quokkas
  7 bats
  6 frilled lizards
  A jackal skeleton (D:4)
  6 rats
  A bush (D:6)
285 creatures vanquished.

Notes
Turn   | Place    | Note
-------+----------+-------------------------------------------
     0 | D:1      | Borgoz the Ghoul Gladiator began the quest for the Orb.
     0 | D:1      | Reached XP level 1. HP: 17/17 MP: 0/0
   484 | D:1      | Reached XP level 2. HP: 24/25 MP: 1/1
  1023 | D:2      | Reached XP level 3. HP: 29/30 MP: 2/2
  1069 | D:2      | Reached skill level 1 in Armour
  1292 | D:2      | Reached XP level 4. HP: 36/37 MP: 3/3
  1808 | D:3      | Reached skill level 4 in Unarmed Combat
  1964 | D:3      | Found an ornate altar of the Wu Jian Council.
  2433 | D:4      | Reached XP level 5. HP: 44/45 MP: 4/4
  2500 | D:4      | Found a staircase to the Ecumenical Temple.
  2518 | Temple   | Entered the Ecumenical Temple
  3081 | D:4      | Reached XP level 6. HP: 51/52 MP: 5/5
  3185 | D:4      | Noticed Natasha
  3191 | D:4      | Killed Natasha
  3295 | D:4      | Noticed Grinder
  3295 | D:4      | Paralysed by Grinder for 6 turns
  3317 | D:4      | Paralysed by Grinder for 2 turns
  3321 | D:4      | Killed Grinder
  3322 | D:4      | Reached skill level 5 in Unarmed Combat
  3322 | D:4      | Reached XP level 7. HP: 24/60 MP: 2/6
  3570 | D:4      | Noticed Natasha
  3580 | D:4      | Killed Natasha
  3785 | D:4      | Noticed Natasha
  3793 | D:4      | Killed Natasha
  3813 | D:5      | Entered Level 5 of the Dungeon
  4117 | D:5      | Found a runed translucent door.
  4117 | D:5      | Noticed MartinH's ghost (novice MiFi)
  4276 | D:5      | Found a shadowy altar of Dithmenos.
  4454 | D:5      | Found a snail-covered altar of Cheibriados.
  4481 | D:5      | Reached skill level 5 in Fighting
  4481 | D:5      | Reached XP level 8. HP: 54/68 MP: 4/7
  4488 | D:5      | Reached skill level 5 in Dodging
  4488 | D:5      | Reached skill level 6 in Unarmed Combat
  4863 | D:5      | Found Zeagireo's Antique Armour Boutique.
  5208 | D:5      | Killed MartinH's ghost
  5209 | D:5      | Reached XP level 9. HP: 69/78 MP: 6/8
  5213 | D:5      | Got a transparent copper amulet
  5235 | D:5      | Identified the amulet "Dathupha" {Reflect +Fly rF+ rC++ rN+
                  | SH+5} (You found it on level 5 of the Dungeon)
  5308 | D:6      | Reached skill level 7 in Unarmed Combat
  5336 | D:6      | Found a bloodstained altar of Trog.
  5341 | D:6      | Reached skill level 5 in Armour
  6051 | D:6      | Got a shadowed robe
  6062 | D:6      | Identified the +0 robe of Hide-and-Seek {Harm rElec Dex-3
                  | SInv} (You found it on level 6 of the Dungeon)
  6108 | D:6      | Got a polished scale mail
  6119 | D:6      | Identified the +2 scale mail of Sexzim {rF- Regen+ Dex+7}
                  | (You found it on level 6 of the Dungeon)
  6570 | D:7      | Found Maweplim's Assorted Antiques.
  6581 | D:7      | Bought a scroll labelled XAUMOU GYKKUS LAI for 25 gold
                  | pieces
  6581 | D:7      | Bought a scroll labelled OWIRHYDWOPN for 25 gold pieces
  6581 | D:7      | Bought a scroll labelled WUR CUWKUM for 25 gold pieces
  6581 | D:7      | Bought a scroll labelled NOFELU ZU IZO for 25 gold pieces
  6853 | D:7      | Got a bloodstained leather armour
  6894 | D:7      | Acquired the +0 hat "Sarothuu" {Str+4 Dex+3}
  6911 | D:7      | Identified the +0 leather armour of the Trees {Str+4
                  | Stlth+} (You found it on level 7 of the Dungeon)
  6947 | D:7      | Reached skill level 8 in Unarmed Combat
  7392 | D:7      | Found an iron altar of Okawaru.
  7414 | D:7      | Became a worshipper of Warmaster Okawaru
  7652 | D:8      | Reached XP level 10. HP: 74/88 MP: 9/9
  7738 | D:8      | Noticed a two-headed ogre
  7752 | D:8      | Found a white marble altar of Elyvilon.
  7900 | D:8      | Reached * piety under Okawaru
  7965 | D:8      | Killed a two-headed ogre
  7966 | D:8      | Reached skill level 1 in Evocations
  7997 | D:8      | Noticed an elephant
  7998 | D:8      | Found a staircase to the Lair.
  8030 | D:7      | Killed an elephant
  8141 | D:7      | Reached skill level 9 in Unarmed Combat
  8237 | D:8      | Reached ** piety under Okawaru
  8617 | D:8      | Noticed a two-headed ogre
  8628 | D:8      | Killed a two-headed ogre
  8628 | D:8      | Reached *** piety under Okawaru
  8629 | D:8      | Reached XP level 11. HP: 78/97 MP: 10/10
  8866 | D:9      | Found a blossoming altar of Fedhas.
  9717 | D:9      | Found a staircase to the Orcish Mines.
  9815 | D:10     | Entered Level 10 of the Dungeon
  9839 | D:10     | Found a shadowy altar of Dithmenos.
 10045 | D:10     | Noticed a two-headed ogre
 10060 | D:10     | Killed a two-headed ogre
 10060 | D:10     | Reached **** piety under Okawaru
 10206 | D:10     | Noticed Urug
 10222 | D:10     | Killed Urug
 10223 | D:10     | Reached skill level 10 in Unarmed Combat
 10306 | D:10     | Noticed Harold
 10319 | D:10     | Killed Harold
 10319 | D:10     | Received a gift from Okawaru
 10319 | D:10     | Reached ***** piety under Okawaru
 10570 | D:11     | Found a bloodstained altar of Trog.
 10575 | D:11     | Found a gate leading to a gauntlet.
 10593 | D:11     | Killed an unseen horror
 10603 | D:11     | Killed an unseen horror
 10604 | D:11     | Reached skill level 10 in Fighting
 10612 | D:11     | Killed an unseen horror
 10612 | D:11     | Received a gift from Okawaru
 10626 | D:11     | Noticed a six-headed hydra
 10630 | D:11     | Noticed a two-headed ogre
 10632 | D:11     | Noticed a two-headed ogre
 10637 | D:11     | HP: 4/99 [six-headed hydra (7)]
 10652 | D:10     | HP: 4/99 [worker ant (6)]
 10681 | D:10     | Killed a two-headed ogre
 10682 | D:10     | Reached skill level 5 in Evocations
 10682 | D:10     | Reached XP level 12. HP: 29/106 MP: 11/11
 10705 | D:10     | Killed a six-headed hydra
 10709 | D:10     | Killed a two-headed ogre
 10709 | D:10     | Received a gift from Okawaru
 10712 | D:10     | Got a shimmering ring mail {god gift}
 10725 | D:10     | Identified the +5 ring mail of Veoz {Harm Rampage rPois}
                  | (Okawaru gifted it to you on level 10 of the Dungeon)
 10780 | Gauntlet | Entered a Gauntlet
 10780 | Gauntlet | Found a transporter.
 10783 | Gauntlet | Noticed a soul eater
 11023 | Gauntlet | Found a transporter.
 11026 | Gauntlet | Found a transporter.
 11027 | Gauntlet | Found a transporter.
 11034 | Gauntlet | Found a runed translucent door.
 11037 | Gauntlet | Found a transporter.
 11038 | Gauntlet | Found a transporter.
 11039 | Gauntlet | Found a transporter.
 11050 | Gauntlet | Found a transporter.
 11050 | Gauntlet | Found a transporter.
 11051 | Gauntlet | Found a transporter.
 11054 | Gauntlet | Noticed a great orb of eyes
 11062 | Gauntlet | Found a transporter.
 11063 | Gauntlet | Found a transporter.
 11064 | Gauntlet | Found a transporter.
 11074 | Gauntlet | Found a transporter.
 11163 | Gauntlet | Killed a soul eater
 11249 | Gauntlet | Reached skill level 11 in Unarmed Combat
 11365 | Gauntlet | Paralysed by a great orb of eyes for 2 turns
 11375 | Gauntlet | Paralysed by a great orb of eyes for 7 turns
 11378 | Gauntlet | HP: 4/108 [cyan ugly thing (19)]
 11379 | Gauntlet | Mangled by a great orb of eyes

Illustrated notes

Levels and vault maps discovered:
D:1:      nagdon_arrival_zigzag_paths, layout_basic
D:2:      layout_rooms
D:3:      layout_loops_corners, nzn_wu_jian_council_hall
D:4:      layout_cave_pools, minmay_temple_entry_sparse_star, uniq_grinder,
          uniq_natasha
D:5:      layout_gridville, ebering_ghost_inner_flame, basic_altar,
          serial_shops, shop, grunt_ministairs_1, minmay_ruined_shrine
D:6:      layout_basic, old_standard_altar, kb_lookout_dungeons_type
D:7:      minmay_bubble_buster, layout_basic, okawaru_gym_becter, serial_shops,
          shop, minivault_14
D:8:      layout_cave_pools, elyvilon_altar_3, david_lair_generic, serial_park,
          chequers_serial_rivers_micro_d, minmay_alternating_orb
D:9:      layout_basic, fedhas_altar_1, erik_orc_1, st_stairs_2
D:10:     layout_roguey, grunt_dithmenos_smoke_and_mirrors, uniq_urug,
          uniq_harold
D:11:     minmay_skewed_foursquare, layout_irregular_city,
          gauntlet_entry_generic, bloody_trog
Temple:   minmay_crystal_spiral_temple
Gauntlet: gammafunk_gauntlet_77_escape_option
          [minmay_gauntlet_arena_77_terracotta_army,
          minmay_gauntlet_arena_77_path, minmay_gauntlet_arena_77_double_cross,
          minmay_gauntlet_arena_77_p_blocks, minmay_gauntlet_arena_77_box,
          gauntlet_exit_green]

Skill      XL: |  1  2  3  4  5  6  7  8  9 10 11 12 |
---------------+-------------------------------------+-----
Dodging        | 3 4 5 6 7 8 9 |  9.5
Armour         | 1 2 3 4 6 7 8 9 |  9.0
Fighting       | 3 4 5 6 7 9 10 | 10.8
Unarmed Combat | 4 5 6 8 9 10 11 | 11.1
Evocations     | 3 5 |  5.0
Throwing       | |  1.7

Action                   |  1- 3 |  4- 6 |  7- 9 | 10-12 || total
-------------------------+-------+-------+-------+-------++-------
Melee: Unarmed           |   109 |   146 |   389 |   537 ||  1181
       Punch             |       |     1 |    21 |    56 ||    78
Throw: Throwing net      |       |       |       |     6 ||     6
Invok: Heroism           |       |       |       |     3 ||     3
  Use: Scroll            |       |     2 |    12 |     7 ||    21
       Potion            |       |     1 |     2 |    18 ||    21
 Stab: Held in net/web   |       |       |       |     5 ||     5
       Confused          |       |       |       |     1 ||     1
       Invisible         |       |       |       |     1 ||     1
Armor: Leather armour    |     7 |       |       |       ||     7
       Ring mail         |    34 |    93 |    55 |    18 ||   200
       Scale mail        |       |       |    49 |   137 ||   186
Dodge: Dodged            |    80 |   120 |   226 |   541 ||   967
Block: Other             |       |       |    40 |   124 ||   164
       Reflection        |       |       |     8 |     8 ||    16

Table legend: (Time is in decaauts)
 A = Elapsed time spent in this place.
 B = Non-inter-level travel time spent in this place.
 C = Inter-level travel time spent in this place.
 D = Time resting spent in this place.
 E = Time spent auto-exploring this place.
 F = Levels seen in this place.
 G = Mean time per level.
                   A        B        C        D        E       F      G
               +--------+--------+--------+--------+--------+-----+--------+
         Total |  11188 |  10830 |    358 |   1636 |   6843 |  13 |  860.6 |
       Dungeon |  10073 |   9799 |    274 |   1404 |   6226 |  11 |  915.7 |
        Temple |    542 |    458 |     84 |    148 |    250 |   1 |  542.0 |
      Gauntlet |    573 |    573 |      0 |     84 |    367 |   1 |  573.0 |
               +--------+--------+--------+--------+--------+-----+--------+

Top non-repeatable levels by time:
     D:7: 1442 daAuts
     D:5: 1435 daAuts
     D:6: 1134 daAuts
     D:1: 1006 daAuts
     D:8: 967 daAuts
     D:3: 931 daAuts
     D:9: 926 daAuts
     D:4: 837 daAuts
    D:10: 812 daAuts
Gauntlet: 573 daAuts
  Temple: 542 daAuts
     D:2: 474 daAuts
    D:11: 103 daAuts
